| TOP OF THE 1ST |
|
New York Mets batting - Pitching for Chicago Cubs : RHP Bert Blyleven
|
|
Pitching: RHP Bert Blyleven
|
|
|
Batting: LHB Lyman Bostock
|
0-0: Foul Ball, location: 2F 0-1: Foul Ball, location: 2F 0-2: Ball 1-2: Ball 2-2: Strikes out swinging
|
|
Batting: RHB Ray Knight
|
0-0: Called Strike 0-1: SINGLE (Groundball, 56D, EV 96.3 MPH)
|
|
Batting: LHB John Kruk
|
0-0: Called Strike 0-1: Swinging Strike 0-2: Foul Ball, location: 2F 0-2: Ball 1-2: Foul Ball, location: 2F 1-2: Strikes out looking
|
|
Batting: SHB Ken Singleton
|
0-0: Ball 1-0: Fielders Choice at 2nd, 6-4 (Groundball, 6, EV 107.5 MPH)
|
| Top of the 1st over - 0 runs, 1 hit, 0 errors, 1 left on base; New York 0 - Chicago 0 |
| BOTTOM OF THE 1ST |
|
Chicago Cubs batting - Pitching for New York Mets : RHP Enrique Martinez
|
|
Pitching: RHP Enrique Martinez
|
|
|
Batting: LHB Gerald Perry
|
0-0: Called Strike 0-1: Fly out, F8 (Flyball, 8LXD, EV 106.9 MPH)
|
|
Batting: RHB Damaso Garcia
|
0-0: Ball 1-0: Ground out 5-3 (Groundball, 25, EV 80.0 MPH)
|
|
Batting: LHB Dave Bergman
|
0-0: Ball 1-0: Fly out, F8 (Flyball, 8RS, EV 86.3 MPH)
|
| Bottom of the 1st over - 0 runs, 0 hits, 0 errors, 0 left on base; New York 0 - Chicago 0 |
| TOP OF THE 2ND |
|
New York Mets batting - Pitching for Chicago Cubs : RHP Bert Blyleven
|
|
Batting: RHB Brad Komminsk
|
0-0: Called Strike 0-1: Called Strike 0-2: Fly out, F7 (Flyball, 78M, EV 88.1 MPH)
|
|
Batting: LHB Roy E Johnson
|
0-0: SINGLE (Line Drive, 4D, EV 96.9 MPH)
|
|
Batting: RHB Dave Concepcion
|
0-0: Ball 1-0: Fly out, F7 (Flyball, 78M, EV 79.4 MPH)
|
|
Batting: RHB Jason Sickman
|
0-0: Fly out, F8 (Line Drive, 8RM, EV 93.8 MPH)
|
| Top of the 2nd over - 0 runs, 1 hit, 0 errors, 1 left on base; New York 0 - Chicago 0 |
| BOTTOM OF THE 2ND |
|
Chicago Cubs batting - Pitching for New York Mets : RHP Enrique Martinez
|
|
Batting: RHB Marty Castillo
|
0-0: Ball 1-0: Ball 2-0: Ground out 5-3 (Groundball, 56, EV 102.5 MPH)
|
|
Batting: RHB Houston Jimenez
|
0-0: Called Strike 0-1: Swinging Strike 0-2: Ball 1-2: Ground out 4-3 (Groundball, 4, EV 100.0 MPH)
|
|
Batting: RHB Randy Ready
|
0-0: Ball 1-0: Ball 2-0: Ground out 6-3 (Groundball, 6MD, EV 104.4 MPH)
|
| Bottom of the 2nd over - 0 runs, 0 hits, 0 errors, 0 left on base; New York 0 - Chicago 0 |
| TOP OF THE 3RD |
|
New York Mets batting - Pitching for Chicago Cubs : RHP Bert Blyleven
|
|
Batting: RHB Enrique Martinez
|
0-0: Fly out, F7 (Flyball, 7LD, EV 107.5 MPH)
|
|
Batting: LHB Lyman Bostock
|
0-0: Ball 1-0: Swinging Strike 1-1: Fly out, F4 (Line Drive, 4, EV 65.6 MPH)
|
|
Batting: RHB Ray Knight
|
0-0: SINGLE (Groundball, 6MD, EV 100.6 MPH)
|
|
Batting: LHB John Kruk
|
0-0: Called Strike 0-1: Ball 1-1: Ball 2-1: Ball 3-1: Swinging Strike 3-2: Strikes out swinging
|
| Top of the 3rd over - 0 runs, 1 hit, 0 errors, 1 left on base; New York 0 - Chicago 0 |
| BOTTOM OF THE 3RD |
|
Chicago Cubs batting - Pitching for New York Mets : RHP Enrique Martinez
|
|
Batting: LHB Robert Kraft
|
0-0: Ball 1-0: Foul Ball, location: 2F 1-1: Ground out U3 (Groundball, 3, EV 90.0 MPH)
|
|
Batting: RHB Rick Cerone
|
0-0: Swinging Strike 0-1: Fly out, F8 (Flyball, 8RS, EV 81.9 MPH)
|
|
Batting: RHB Bert Blyleven
|
0-0: Fly out, F8 (Flyball, 8LS, EV 79.4 MPH)
|
| Bottom of the 3rd over - 0 runs, 0 hits, 0 errors, 0 left on base; New York 0 - Chicago 0 |
| TOP OF THE 4TH |
|
New York Mets batting - Pitching for Chicago Cubs : RHP Bert Blyleven
|
|
Batting: SHB Ken Singleton
|
0-0: Ball 1-0: Swinging Strike 1-1: Ball 2-1: Fly out, F8 (Flyball, 8LXD, EV 105.0 MPH)
|
|
Batting: RHB Brad Komminsk
|
0-0: Called Strike 0-1: Called Strike 0-2: Strikes out swinging
|
|
Batting: LHB Roy E Johnson
|
0-0: Called Strike 0-1: Ball 1-1: Ball 2-1: Ball 3-1: Foul Ball, location: 2F 3-2: Strikes out looking
|
| Top of the 4th over - 0 runs, 0 hits, 0 errors, 0 left on base; New York 0 - Chicago 0 |
| BOTTOM OF THE 4TH |
|
Chicago Cubs batting - Pitching for New York Mets : RHP Enrique Martinez
|
|
Batting: LHB Gerald Perry
|
0-0: Swinging Strike 0-1: Ball 1-1: Called Strike 1-2: SINGLE (Groundball, 6S, EV 69.4 MPH) (infield hit)
|
|
Batting: RHB Damaso Garcia
|
0-0: Ball Gerald Perry is caught stealing 2nd base 2-4 1-0: Ball 2-0: Foul Ball, location: 2F 2-1: SINGLE (Groundball, 4S, EV 85.6 MPH) (infield hit)
|
|
Batting: LHB Dave Bergman
|
0-0: Ball 1-0: Ball 2-0: Foul Ball, location: 2F 2-1: 2-RUN HOME RUN (Flyball, 9D, EV 95.6 MPH), Distance : 383 ft
|
|
Batting: RHB Marty Castillo
|
0-0: Ball 1-0: SOLO HOME RUN (Flyball, 78XD, EV 105.6 MPH), Distance : 445 ft
|
|
Batting: RHB Houston Jimenez
|
0-0: Ball 1-0: Called Strike 1-1: Ball 2-1: Swinging Strike 2-2: Ground out 5-3 (Groundball, 56, EV 100.6 MPH)
|
|
Batting: RHB Randy Ready
|
0-0: Called Strike 0-1: Ball 1-1: Called Strike 1-2: Fly out, F5 (Line Drive, 5, EV 68.8 MPH)
|
| Bottom of the 4th over - 3 runs, 4 hits, 0 errors, 0 left on base; New York 0 - Chicago 3 |
| TOP OF THE 5TH |
|
New York Mets batting - Pitching for Chicago Cubs : RHP Bert Blyleven
|
|
Batting: RHB Dave Concepcion
|
0-0: Ball 1-0: Ground out 5-3 (Groundball, 56, EV 78.1 MPH)
|
|
Batting: RHB Jason Sickman
|
0-0: Called Strike 0-1: Foul Ball, location: 2F 0-2: Ball 1-2: Foul Ball, location: 2F 1-2: TRIPLE (Flyball, 8LXD, EV 105.0 MPH)
|
|
Batting: RHB Enrique Martinez
|
0-0: Foul Ball, location: 2F 0-1: Ball 1-1: Called Strike 1-2: Ball 2-2: Strikes out swinging
|
|
Batting: LHB Lyman Bostock
|
0-0: Called Strike 0-1: Ground out 4-3 (Groundball, 4, EV 101.9 MPH)
|
| Top of the 5th over - 0 runs, 1 hit, 0 errors, 1 left on base; New York 0 - Chicago 3 |
| BOTTOM OF THE 5TH |
|
Chicago Cubs batting - Pitching for New York Mets : RHP Enrique Martinez
|
|
Batting: LHB Robert Kraft
|
0-0: Swinging Strike 0-1: Ball 1-1: Ball 2-1: Ball 3-1: Ground out 6-3 (Groundball, 56, EV 105.0 MPH)
|
|
Batting: RHB Rick Cerone
|
0-0: Foul Ball, location: 2F 0-1: Swinging Strike 0-2: Foul Ball, location: 2F 0-2: Fly out, F7 (Flyball, 78D, EV 85.0 MPH)
|
|
Batting: RHB Bert Blyleven
|
0-0: Ball 1-0: Fly out, F9 (Flyball, 9LM, EV 85.6 MPH)
|
| Bottom of the 5th over - 0 runs, 0 hits, 0 errors, 0 left on base; New York 0 - Chicago 3 |
| TOP OF THE 6TH |
|
New York Mets batting - Pitching for Chicago Cubs : RHP Bert Blyleven
|
|
Batting: RHB Ray Knight
|
0-0: Ground out 6-3 (Groundball, 56, EV 76.3 MPH)
|
|
Batting: LHB John Kruk
|
0-0: Ball 1-0: Ground out 2-3 (Groundball, 2L, EV 66.3 MPH)
|
|
Batting: SHB Ken Singleton
|
0-0: Ball 1-0: Fly out, F8 (Flyball, 8LD, EV 103.1 MPH)
|
| Top of the 6th over - 0 runs, 0 hits, 0 errors, 0 left on base; New York 0 - Chicago 3 |
| BOTTOM OF THE 6TH |
|
Chicago Cubs batting - Pitching for New York Mets : RHP Enrique Martinez
|
|
Batting: LHB Gerald Perry
|
0-0: Called Strike 0-1: Ball 1-1: Called Strike 1-2: Fly out, F8 (Flyball, 8LD, EV 93.8 MPH)
|
|
Batting: RHB Damaso Garcia
|
0-0: Foul Ball, location: 2F 0-1: Foul Ball, location: 2F 0-2: Reached on error, E3 (Groundball, 3S, EV 77.5 MPH)
|
|
Batting: LHB Dave Bergman
|
0-0: SINGLE (Line Drive, 34D, EV 95.6 MPH) Damaso Garcia to second Runner from 2nd tries for 3rd, SAFE, throw by RF made to third
|
|
Batting: RHB Marty Castillo
|
0-0: Ball 1-0: Ball 2-0: Called Strike 2-1: Called Strike 2-2: Strikes out looking
|
|
Batting: RHB Houston Jimenez
|
0-0: Called Strike 0-1: Called Strike 0-2: Foul Ball, location: 2F 0-2: Ball 1-2: Foul Ball, location: 2F 1-2: Ball 2-2: Ball 3-2: Foul Ball, location: 2F 3-2: Foul Ball, location: 2F 3-2: DOUBLE (Line Drive, 89M, EV 95.6 MPH) Damaso Garcia scores Dave Bergman to third Dave Bergman scores
|
|
Batting: RHB Randy Ready
|
0-0: Called Strike 0-1: Foul Ball, location: 2F 0-2: Fly out, F8 (Flyball, 8RM, EV 82.5 MPH)
|
| Bottom of the 6th over - 2 runs, 2 hits, 1 error, 1 left on base; New York 0 - Chicago 5 |
| TOP OF THE 7TH |
|
New York Mets batting - Pitching for Chicago Cubs : RHP Bert Blyleven
|
|
Batting: RHB Brad Komminsk
|
0-0: Called Strike 0-1: Called Strike 0-2: Ball 1-2: Ball 2-2: Ball 3-2: Foul Ball, location: 2F 3-2: Strikes out looking
|
|
Batting: LHB Roy E Johnson
|
0-0: Called Strike 0-1: Ball 1-1: Ball 2-1: Ball 3-1: Foul Ball, location: 2F 3-2: Ground out U3 (Groundball, 34S, EV 70.6 MPH)
|
|
Batting: RHB Dave Concepcion
|
0-0: Fly out, F8 (Line Drive, 8RD, EV 95.0 MPH)
|
| Top of the 7th over - 0 runs, 0 hits, 0 errors, 0 left on base; New York 0 - Chicago 5 |
| BOTTOM OF THE 7TH |
|
Chicago Cubs batting - Pitching for New York Mets : RHP Enrique Martinez
|
|
Pitching: RHP Raymond Price
|
|
|
Batting: LHB Robert Kraft
|
0-0: Ball 1-0: Swinging Strike 1-1: Ball 2-1: Ball 3-1: Base on Balls
|
|
Batting: RHB Rick Cerone
|
0-0: Called Strike 0-1: Ball 1-1: Ball 2-1: Fly out, F8 (Flyball, 78S, EV 95.6 MPH)
|
|
Batting: RHB Bert Blyleven
|
0-0: Bunted foul 0-1: Ball 1-1: Bunted foul 1-2: Bunted foul, Strikeout!
|
|
Batting: LHB Gerald Perry
|
0-0: Called Strike Robert Kraft steals 2nd base 0-1: Ball 1-1: Ball 2-1: Foul Ball, location: 2F 2-2: 2-RUN HOME RUN (Flyball, 9D, EV 102.5 MPH), Distance : 385 ft
|
|
Batting: RHB Damaso Garcia
|
0-0: Ground out 6-3 (Groundball, 6, EV 83.8 MPH)
|
| Bottom of the 7th over - 2 runs, 1 hit, 0 errors, 0 left on base; New York 0 - Chicago 7 |
| TOP OF THE 8TH |
|
New York Mets batting - Pitching for Chicago Cubs : RHP Bert Blyleven
|
|
Batting: RHB Jason Sickman
|
0-0: Ball 1-0: Fly out, F9 (Flyball, 9, EV 94.4 MPH)
|
|
Batting: RHB Raymond Price
|
0-0: Ball 1-0: Ball 2-0: Foul Ball, location: 2F 2-1: Ball 3-1: Called Strike 3-2: Strikes out swinging
|
|
Batting: LHB Lyman Bostock
|
0-0: Ball 1-0: Called Strike 1-1: Fly out, F5 (Popup, 56S, EV 78.8 MPH)
|
| Top of the 8th over - 0 runs, 0 hits, 0 errors, 0 left on base; New York 0 - Chicago 7 |
| BOTTOM OF THE 8TH |
|
Chicago Cubs batting - Pitching for New York Mets : RHP Raymond Price
|
|
Batting: LHB Dave Bergman
|
0-0: Ball 1-0: Foul Ball, location: 2F 1-1: Ground out 5-3 (Groundball, 5S, EV 87.5 MPH)
|
|
Batting: RHB Marty Castillo
|
0-0: Ball 1-0: Swinging Strike 1-1: Ball 2-1: Ball 3-1: Base on Balls
|
|
Batting: RHB Houston Jimenez
|
0-0: Called Strike 0-1: Called Strike 0-2: Ball 1-2: Foul Ball, location: 2F 1-2: Grounds into double play, 6-4-3 (Groundball, 6, EV 80.0 MPH)
|
| Bottom of the 8th over - 0 runs, 0 hits, 0 errors, 0 left on base; New York 0 - Chicago 7 |
| TOP OF THE 9TH |
|
New York Mets batting - Pitching for Chicago Cubs : RHP Bert Blyleven
|
|
Batting: RHB Ray Knight
|
0-0: Ball 1-0: Called Strike 1-1: Foul Ball, location: 2F 1-2: Ball 2-2: Fly out, F8 (Flyball, 8LD, EV 76.9 MPH)
|
|
Batting: LHB John Kruk
|
0-0: Foul Ball, location: 2F 0-1: Ball 1-1: Called Strike 1-2: Foul Ball, location: 2F 1-2: DOUBLE (Line Drive, 8LXD, EV 104.4 MPH)
|
|
Batting: SHB Ken Singleton
|
0-0: Fly out, F7 (Flyball, 7LD, EV 106.3 MPH)
|
|
Batting: RHB Brad Komminsk
|
0-0: Ball 1-0: Ball Wild Pitch! John Kruk to third 2-0: SINGLE (Groundball, 25, EV 70.0 MPH) (infield hit) John Kruk scores
|
|
Batting: LHB Roy E Johnson
|
0-0: Called Strike 0-1: Fielders Choice at 2nd, 6-4 (Groundball, 6, EV 98.8 MPH)
|
| Top of the 9th over - 1 run, 2 hits, 0 errors, 1 left on base; New York 1 - Chicago 7 |
|